 Dungeon Crawl Stone Soup version 0.28.0 (webtiles) character file.

Game seed: 11698461812604748125

1 snonkus the Sneak (level 1, 0/16 HPs)
             Began as a Human Brigand on Feb 6, 2022.
             Slain by a frilled lizard (3 damage)
             ... on level 1 of the Dungeon.
             The game lasted 00:03:31 (110 turns).

snonkus the Sneak (Human Brigand)                    Turns: 110, Time: 00:03:32

Health: 0/16       AC:  3    Str: 11    XL:     1   Next: 22%
Magic:  1/1        EV: 11    Int: 11    God:
Gold:   0          SH:  0    Dex: 14    Spells: 0/0 levels left

rFire   . . .      SeeInvis .   a - +2 dagger
rCold   . . .      Faith    .   (no shield)
rNeg    . . .      Spirit   .   b - +0 robe
rPois   .          Reflect  .   (no helmet)
rElec   .          Harm     .   c - +0 cloak
rCorr   .          Rampage  .   (no gloves)
Will    .....                   (no boots)
Stlth   +++.......              (no amulet)
HPRegen 0.05/turn               (no ring)
MPRegen 0.07/turn               (no ring)

@: no status effects
A: no striking features
a: no special abilities


You were on level 1 of the Dungeon.
You visited 1 branch of the dungeon, and saw 1 of its levels.

Inventory:

Hand Weapons
 a - a +2 dagger (weapon)
Missiles
 d - 8 poisoned darts (quivered)
 e - 2 curare-tipped darts
Armour
 b - a +0 robe (worn)
 c - a +0 cloak (worn)


   Skills:
 + Level 2.0 Fighting
 + Level 2.0 Short Blades
 + Level 2.0 Throwing
 + Level 1.0 Dodging
 + Level 4.0 Stealth


You couldn't memorise any spells.
You didn't know any spells.
Your spell library was empty.

Dungeon Overview and Level Annotations

Branches:
Dungeon (1/15)

Altars:


Message History

A frilled lizard comes into view.
A frilled lizard is nearby!
The frilled lizard hisses angrily.
The frilled lizard barely misses you.
The frilled lizard bites you but does no damage.
The frilled lizard bites you but does no damage.
The frilled lizard barely misses you. The frilled lizard bites you.
You take 3 damage, and have 13/16 hp.
The frilled lizard bites you.
You take 1 damage, and have 12/16 hp.
The frilled lizard closely misses you. The frilled lizard barely misses you.
The frilled lizard closely misses you. The frilled lizard bites you.
You take 2 damage, and have 10/16 hp.
The frilled lizard closely misses you. The frilled lizard closely misses you.
The frilled lizard bites you.
You take 1 damage, and have 10/16 hp.
The frilled lizard bites you but does no damage.
The frilled lizard misses you. The frilled lizard bites you.
* * * LOW HITPOINT WARNING * * *
The frilled lizard unfolds its giant frill.
The frilled lizard bites you.
* * * LOW HITPOINT WARNING * * *
The frilled lizard bites you.
* * * LOW HITPOINT WARNING * * *
You take 6 damage, and have 4/16 hp.
GAME OVER YEAH!!
Unknown command.
Unknown command.
The frilled lizard bites you.
* * * LOW HITPOINT WARNING * * *
You take 1 damage, and have 3/16 hp.
The frilled lizard closely misses you. The frilled lizard closely misses you.
The frilled lizard bites you.
You die...

♣#####.........#####
##.......## ##8...8##
##'''##
###########....#
#...........#........
#...........#........
#...........#........
#....l@.....#........
#...........########.
#...........#
.............#
##.|.........#
#.......!...#
#........[..#
##.##########

Notes
Turn   | Place    | Note
-------+----------+-------------------------------------------
     0 | D:1      | snonkus the Human Brigand began the quest for the Orb.
     0 | D:1      | Reached XP level 1. HP: 16/16 MP: 1/1
    27 | D:1      | P0WERM0DE: HIT IT VERY HARD !!
   106 | D:1      | HP: 4/16 [frilled lizard (2)]
   110 | D:1      | Slain by a frilled lizard

Table legend: (Time is in decaauts)
 A = Elapsed time spent in this place.
 B = Non-inter-level travel time spent in this place.
 C = Inter-level travel time spent in this place.
 D = Time resting spent in this place.
 E = Time spent auto-exploring this place.
 F = Levels seen in this place.
 G = Mean time per level.
                   A        B        C        D        E       F      G
               +--------+--------+--------+--------+--------+-----+--------+
         Total |    109 |    109 |      0 |      0 |      0 |   1 |  109.0 |
       Dungeon |    109 |    109 |      0 |      0 |      0 |   1 |  109.0 |
               +--------+--------+--------+--------+--------+-----+--------+

Top non-repeatable levels by time:
     D:1: 109 daAuts

Table legend:
 A = Kills in this place as a percentage of kills in entire the game.
 B = Kills by you in this place as a percentage of kills by you in the entire game.
 C = Kills by friends in this place as a percentage of kills by friends in the entire game.
 D = Other kills in this place as a percentage of other kills in the entire game.
 E = Experience gained in this place as a percentage of experience gained in the entire game.
 F = Experience gained in this place divided by the number of levels of this place that you have seen.
                   A       B       C       D       E      F
               +-------+-------+-------+-------+-------+----------------------
         Total | 100.0 | 100.0 |   N/A |   N/A | 100.0 |   2.0
       Dungeon | 100.0 | 100.0 |   N/A |   N/A | 100.0 |   2.0
               +-------+-------+-------+-------+-------+----------------------

Action                   || total
-------------------------++-------
Melee: Dagger            ||     1
Armor: Robe              ||     3
Dodge: Dodged            ||    10

Vanquished Creatures
  A ball python (D:1)
1 creature vanquished. You could see a frilled lizard.

Levels and vault maps discovered:
D:1:      kennysheep_arrival_forest, layout_basic,
          chequers_serial_rivers_micro_c, minmay_misc_feat_encased
